 Dungeon Crawl Stone Soup version 0.25-a0-413-g3b4b6a4ccc (webtiles) character file.

Game seed: 17826809197312830157, levelgen mode: deterministic

1054 kae the Digger (level 8, -2/91 HPs)
             Began as a Gargoyle Earth Elementalist on Jan 16, 2020.
             Killed from afar by a steam dragon (7 damage)
             ... with a ball of steam
             ... on level 6 of the Dungeon.
             The game lasted 00:05:53 (6257 turns).

kae the Digger (Gargoyle Earth Elementalist)        Turns: 6257, Time: 00:05:53

Health: -2/91      AC: 24    Str: 16    XL:     8   Next: 26%
Magic:  14/14      EV:  2    Int: 19    God:
Gold:   200        SH:  0    Dex: 10    Spells: 6/16 levels left

rFire    . . .     SeeInvis .   u - +2 flail (drain)
rCold    . . .     Gourm    .   (no shield)
rNeg     + + +     Faith    .   (armour currently unavailable)
rPois    ∞         Spirit   .   (helmet currently unavailable)
rElec    .         Reflect  .   (cloak currently unavailable)
rCorr    .         Harm     .   (gloves currently unavailable)
MR       .....     NoTele   +   (boots currently unavailable)
Stlth    ..........             (no amulet)
HPRegen  0.25/turn              (no ring)
MPRegen  0.14/turn              (no ring)

@: berserking, tree-form, very quick
A: negative energy resistance 1, petrification resistance, rot immunity, AC +5
a: no special abilities


You were on level 6 of the Dungeon.
You were very hungry.
You were a tree.
You visited 2 branches of the dungeon, and saw 7 of its levels.

You collected 200 gold pieces.

Inventory:

Hand Weapons
 g - a +1 short sword
 u - a +2 flail of draining (weapon)
Missiles
 b - 99 stones (quivered)
 k - 64 arrows
Armour
 c - a +0 robe (melded)
Jewellery
 s - an uncursed amulet of harm
Wands
 r - a wand of enslavement (6)
 w - a wand of polymorph (14)
 x - a wand of digging (4)
Scrolls
 a - a scroll of fog
 h - 2 scrolls of fear
 l - a scroll of identify
 m - a scroll of enchant weapon
 p - 2 scrolls of teleportation
 q - a scroll of remove curse
Potions
 e - 3 potions of flight
 n - a potion of curing
 o - a potion of resistance
 t - 2 potions of haste
 v - a potion of brilliance {unknown}
Comestibles
 d - 9 rations


   Skills:
 + Level 4.1 Dodging
 + Level 5.9 Stealth
 + Level 4.6 Spellcasting
 - Level 0.7 Transmutations
 + Level 6.7 Earth Magic


You had 6 spell levels left.
You knew the following spells:

 Your Spells              Type           Power        Failure   Level  Hunger
a - Sandblast             Erth           ####..       1%          1    None
b - Passwall              Tmut/Erth      ###.....     4%          2    #......
c - Stone Arrow           Conj/Erth      ###...       10%         3    ###....
d - Petrify               Tmut/Erth      ###.....     28%         4    ####...

Your spell library contained the following spells:

 Spells                   Type           Power        Failure   Level  Hunger
 Infusion                 Chrm           #...         13%         1    None
 Shroud of Golubria       Chrm/Tloc      #.....       21%         2    #......
 Song of Slaying          Chrm           #.......     21%         2    #......
 Lee's Rapid Deconstruct  Erth           ####......   22%         5    ######.
 Ozocubu's Armour         Chrm/Ice       #.......     36%         3    ###....
 Spectral Weapon          Hex/Chrm       #.......     36%         3    ###....


Dungeon Overview and Level Annotations

Branches:
Dungeon (6/15)             Temple (1/1) D:5

Altars:
Ashenzari
Dithmenos
Elyvilon
Fedhas
Gozag
Hepliaklqana
Kikubaaqudgha
Makhleb
Nemelex Xobeh
Okawaru
Qazlal
Ru
Sif Muna
Trog
Uskayaw
Xom
Yredelemnul
Zin
The Shining One


Innate Abilities, Weirdness & Mutations

You are resistant to torment.
((Your stone body is resilient. (AC +5)))
You are immune to poison.
You resist negative energy. (rN+)
((You are resistant to electric shocks. (rElec)))
((You can survive without breathing.))
You are immune to petrification.
You are immune to rotting.


Message History

* * * LOW HITPOINT WARNING * * *
The steam dragon claws you but does no damage.
The orc hits you with a +0 short sword.
* * * LOW HITPOINT WARNING * * *
The orc wizard hits you with a +0 dagger.
* * * LOW HITPOINT WARNING * * *
A red film seems to cover your vision as you go berserk!
You feel yourself moving faster!
You feel mighty! The adder bites you but does no damage.
The orc hits you but does no damage. The steam dragon breathes steam at you.
The ball of steam hits you!
* * * LOW HITPOINT WARNING * * *
The adder bites you but does no damage. The orc hits you but does no damage.
The orc wizard hits you but does no damage.
You barely miss the steam dragon.
You are engulfed in a cloud of scalding steam.
The adder bites you but does no damage. The orc hits you but does no damage. x2
The steam dragon breathes steam at you. The ball of steam hits you!
You die...

...# #.....#......... ...#
..#.....#......... ...#
..#.....#......... ####
..#######...##'##.
..############+#......##...##.##.
...............#......#..........
...............#§§....#..........
...............#§o....#.......<..
############'###♣S....#...#######
# ..........oDo..###...
.......#...o...# ...
.....##.##.....# .. ....##.⌠
##....# ...# ##. ##.>.# ... .#
..... .. # #..... .....


You could see a steam dragon, an orc wizard, an adder and 3 orcs.

Vanquished Creatures
  Sigmund (D:5)
  Edmund (D:5)
  A bullfrog (D:6)
  A crimson imp (D:5)
  A centaur zombie (D:6)
  A jelly (D:5)
  3 hounds
  3 orc wizards
  A centaur skeleton (D:4)
  Ijyb (D:3)
  2 iguanas
  3 worker ants (D:5)
  A worker ant zombie (D:5)
  10 adders
  A shadow imp (D:5)
  An ooze (D:4)
  An adder zombie (D:4)
  3 worms
  A dart slug (D:2)
  3 leopard geckos
  10 orcs
  A ball python (D:3)
  10 giant cockroaches
  7 goblins
  5 hobgoblins
  19 jackals
  7 kobolds
  3 quokkas
  6 bats
  16 frilled lizards
  A quokka zombie (D:5)
  7 rats
132 creatures vanquished.

Vanquished Creatures (others)
  A centaur skeleton (D:6)
  An orc (D:6)
2 creatures vanquished.

Grand Total: 134 creatures vanquished

Notes
Turn   | Place    | Note
-------+----------+-------------------------------------------
     0 | D:1      | kae the Gargoyle Earth Elementalist began the quest for the
                  | Orb.
     0 | D:1      | Reached XP level 1. HP: 10/10 MP: 3/3
   366 | D:1      | Reached XP level 2. HP: 11/15 MP: 5/5
   587 | D:1      | Reached skill level 4 in Earth Magic
   633 | D:1      | Reached XP level 3. HP: 19/19 MP: 6/6
  1014 | D:2      | Noticed a +0 hand axe
  1014 | D:2      | Noticed a +0 dagger
  1015 | D:2      | Found a hide-covered altar of Uskayaw.
  1242 | D:2      | Reached XP level 4. HP: 24/24 MP: 4/7
  1705 | D:2      | Found an iron altar of Okawaru.
  1706 | D:2      | Found a basalt altar of Yredelemnul.
  1980 | D:2      | Found a faded altar of an unknown god.
  2312 | D:3      | Reached XP level 5. HP: 28/28 MP: 7/9
  2444 | D:3      | Noticed Ijyb
  2749 | D:3      | Killed Ijyb
  2995 | D:4      | Learned a level 2 spell: Passwall
  2999 | D:4      | Learned a level 3 spell: Stone Arrow
  3022 | D:4      | Reached skill level 5 in Earth Magic
  3022 | D:4      | Reached XP level 6. HP: 10/32 MP: 1/10
  3241 | D:4      | Learned a level 4 spell: Petrify
  4075 | D:5      | Entered Level 5 of the Dungeon
  4075 | D:5      | Found an opulent altar of Gozag.
  4388 | D:5      | Found a bloodstained altar of Trog.
  4664 | D:5      | Noticed Edmund
  4679 | D:5      | Reached XP level 7. HP: 34/36 MP: 9/12
  4736 | D:5      | Killed Edmund
  4736 | D:5      | Reached skill level 5 in Stealth
  4947 | D:5      | Reached skill level 6 in Earth Magic
  5149 | D:5      | Found a staircase to the Ecumenical Temple.
  5169 | Temple   | Entered the Ecumenical Temple
  5338 | D:5      | Noticed Sigmund
  5373 | D:5      | Killed Sigmund
  5373 | D:5      | Reached XP level 8. HP: 17/41 MP: 12/14
  6257 | D:6      | Killed from afar by a steam dragon

Levels and vault maps discovered:
D:1:      tarquinn_simple_flora_water_a, layout_rooms, glass_columns_b
D:2:      layout_basic, dancing_weapons_uskayaw,
          gammafunk_temple_overflow_statue, chequers_ecumenical_altar_simple
D:3:      layout_basic, uniq_ijyb
D:4:      kennysheep_spiral_hall, layout_basic, first_ration
D:5:      minmay_chambers_of_fours, layout_cave_pods, bloody_trog,
          nicolae_gozag_cash_rules_everything_around_me,
          minmay_temple_entry_mini_moons, uniq_sigmund, uniq_edmund
D:6:      layout_gridville, basic_altar, grunt_decor_mini_mirrors
Temple:   zaba_magenta_temple

Skill      XL: |  1  2  3  4  5  6  7  8 |
---------------+-------------------------+-----
Earth Magic    | 4 5 6 |  6.7
Dodging        | 2 3 4 |  4.1
Stealth        | 3 4 5 |  5.9
Spellcasting   | 3 4 |  4.6
Transmutations | |  0.7

Action                   |  1- 3 |  4- 6 |  7- 9 || total
-------------------------+-------+-------+-------++-------
Melee: Unarmed           |    17 |       |       ||    17
       Short sword       |    88 |   241 |    22 ||   351
       Flail             |       |       |   158 ||   158
 Cast: Sandblast         |    27 |    69 |    13 ||   109
       Petrify           |       |       |     3 ||     3
  Use: Potion            |     3 |     2 |     3 ||     8
       Scroll            |     4 |     7 |     2 ||    13
 Stab: Sleeping          |     3 |     4 |     5 ||    12
       Petrified         |       |       |     7 ||     7
       Petrifying        |       |       |     1 ||     1
  Eat: Chunk             |     2 |    11 |     5 ||    18
Armor: Robe              |    51 |   100 |    93 ||   244
       Skin              |       |       |    11 ||    11
Dodge: Dodged            |   138 |   208 |   191 ||   537

Table legend:
 A = Non-vault XP
 B = Vault XP
 C = Vault XP percentage of total XP
 D = Non-vault monster count
 E = Vault monster count
 F = Vault count percentage of total count
                 A         B        C        D         E       F
            +---------+---------+-------+---------+---------+-------
      Total |     940 |     567 |  37.6 |     121 |      12 |   9.0
            +---------+---------+-------+---------+---------+-------
        D:1 |      45 |       0 |   0.0 |      27 |       0 |   0.0
        D:2 |      83 |       0 |   0.0 |      31 |       0 |   0.0
        D:3 |      44 |      38 |  46.3 |      13 |       1 |   7.1
        D:4 |     231 |      52 |  18.4 |      15 |       4 |  21.1
        D:5 |     371 |     477 |  56.2 |      30 |       7 |  18.9
        D:6 |     166 |       0 |   0.0 |       5 |       0 |   0.0
            +---------+---------+-------+---------+---------+-------
